 Dungeon Crawl Stone Soup version 0.28.0 (webtiles) character file.

Game seed: 2887006296838916999

23685 GordonOverkill the Spear-Bearer (level 13, -8/162 HPs)
             Began as a Barachi Conjurer on Feb 13, 2022.
             Was a Follower of Ru.
             Mangled by a large abomination (27 damage)
             ... on level 3 of the Abyss.
             The game lasted 00:41:26 (21833 turns).

GordonOverkill the Spear-Bearer (Barachi Conjurer) Turns: 21833, Time: 00:41:26

Health: -8/162     AC: 26    Str: 13    XL:     13   Next: 8%
Magic:  16/16      EV:  2    Int: 20    God:    Ru [*.....]
Gold:   932        SH:  0    Dex:  8    Spells: 16/16 levels left

rFire   . . .      SeeInvis .   s - +8 trident of the Octopus King {venom, rElec rPois}
rCold   . . .      Faith    .   K - +0 buckler
rNeg    . . .      Spirit   .   (armour currently unavailable)
rPois   +          Reflect  +   (helmet currently unavailable)
rElec   +          Harm     .   (cloak currently unavailable)
rCorr   .          Rampage  .   (gloves currently unavailable)
Will    .....      NoTele   +   (boots currently unavailable)
Stlth   +.........              c - amulet of reflection
HPRegen 0.37/turn               d - +4 ring of evasion
MPRegen 0.15/turn               (no ring)

@: confused, tree-form (expiring), hasted, studying Maces & Flails, very quick
A: stationary, stasis, torment immunity, boosted hp, (amphibious), clumsy 1,
(slowness 1), reduced EV 1, (strong legs 2), +LOS
a: Renounce Religion


You were on level 3 of the Abyss.
You worshipped Ru.
Ru was aware of your devotion.
You were a tree.
You visited 3 branches of the dungeon, and saw 14 of its levels.
You visited the Abyss 1 time.
You also visited: Ossuary and Bailey.

You collected 932 gold pieces.

Inventory:

Hand Weapons
 s - the +8 trident of the Octopus King (weapon) {venom, rElec rPois}
   (You found it on level 5 of the Dungeon)

   It poisons the flesh of those it strikes.
   rElec:     It insulates you from electricity.
   rPois:     It protects you from poison.
 O - a +2 vampiric broad axe
Missiles
 p - 8 boomerangs (quivered)
 y - 6 silver javelins
 E - 3 curare-tipped darts
Armour
 b - a +1 chain mail of cold resistance
 k - a +2 helmet (melded)
 o - a +1 hat of willpower
 r - a +4 chain mail (melded)
 H - +0 swamp dragon scales
 K - a +0 buckler (worn)
Jewellery
 c - an amulet of reflection (around neck)
 d - a +4 ring of evasion (left branch)
 x - an amulet of faith
 F - an amulet of the acrobat
Wands
 t - a wand of charming (2)
 u - a wand of polymorph (14)
Scrolls
 e - a scroll of magic mapping
 l - 3 scrolls of fog
 n - 2 scrolls of vulnerability
 v - a scroll of fear
 C - 2 scrolls of holy word
 G - 2 scrolls of silence
 I - a scroll of identify
 N - a scroll of amnesia
Potions
 a - a potion of lignification
 f - 5 potions of magic
 g - 7 potions of haste
 h - 7 potions of brilliance
 i - 3 potions of flight
 z - 5 potions of mutation
 A - 2 potions of cancellation
 B - a potion of attraction


   Skills:
 - Level 12.0 Fighting
 + Level 7.9(12.4) Axes
 - Level 13.6(14.3) Polearms
 - Level 5.0 Throwing
 - Level 7.0 Armour
 - Level 2.1 Dodging
 - Level 1.7 Stealth
 - Level 4.0 Shields
 - Level 2.1 Spellcasting
 - Level 4.3 Conjurations
 - Level 8.0 Evocations


You had 16 spell levels left.
You didn't know any spells.
Your spell library contained the following spells:

 Spells                   Type           Power      Damage    Failure   Level
 Magic Dart               Conj           76%        1d6       3%          1
 Searing Ray              Conj           38%        2d5       4%          2
 Animate Skeleton         Necr           4%         N/A       21%         1
 Summon Small Mammal      Summ           8%         N/A       21%         1
 Dazzling Flash           Conj/Hex       20%        N/A       24%         3
 Mephitic Cloud           Conj/Pois/Air  8%         N/A       32%         3
 Call Canine Familiar     Summ           2%         N/A       52%         3
 Ignite Poison            Fire/Tmut/Pois 2%         N/A       52%         3
 Summon Guardian Golem    Hex/Summ       2%         N/A       52%         3
 Fulminant Prism          Conj/Hex       5%         3d7       63%         4
 Iskenderun's Mystic Bla  Conj/Tloc      10%        2d4       63%         4
 Iskenderun's Battlesphe  Conj           19%        2d7       65%         5
 Leda's Liquefaction      Hex/Erth       1%         N/A       89%         4
 Freezing Cloud           Conj/Ice/Air   4%         6-21      96%         5
 Lee's Rapid Deconstruct  Erth           1%         3d5*      99%         5
 Iron Shot                Conj/Erth      5%         9d2       100%        6
 Statue Form              Tmut/Erth      1%         N/A       100%        6
 Spellforged Servitor     Conj/Summ      5%         N/A       100%        7


Dungeon Overview and Level Annotations

Branches:
Dungeon (11/15)            Temple (1/1) D:6            Lair (2/6) D:11
    Orc (0/2) D:9         Ossuary (visited)          Bailey (visited)
  Swamp: Lair:2-4    Shoals: Lair:2-4     Snake: Lair:2-4    Spider: Lair:2-4

Altars:
Ashenzari
Cheibriados
Dithmenos
Elyvilon
Fedhas
Gozag
Hepliaklqana
Kikubaaqudgha
Makhleb
Nemelex Xobeh
Okawaru
Qazlal
Ru
Sif Muna
Trog
Uskayaw
Vehumet
Wu Jian
Xom
Yredelemnul
Zin
The Shining One
Beogh

Annotations:
D:6 2 transporters, glosham's ghost, weakling OpDe
D:9 exclusion: ice statue
Lair:2 Sonja


Innate Abilities, Weirdness & Mutations

You are a tree.
Your roots penetrate the ground, keeping you stationary.
You cannot be teleported.
You are immune to unholy pain and torment.
Your maximum health is greatly increased.
Your equipment is partially melded.
((You are amphibious.))
You are clumsy. (Dex -2)
((You cover ground slowly.))
You have somewhat slow reflexes. (EV -5)
((You can hop long distances.))
You have an extended range of vision and can be seen from far away.


Message History

You attack the rock wall.
You hit the golden eye.
The golden eye is poisoned.
The golden eye is lightly wounded.
You attack the rock wall.
The golden eye turns its gaze towards you.
You attack the stone wall.
The golden eye begins to attack, but is stunned by your conviction!
You impale the golden eye!!
You kill the golden eye!
That felt strangely unrewarding.
Okay, then.
Unknown command.
Unknown command.
You are too confused!
Unknown command.
Unknown command.
You attack the stone wall.
You hit the large abomination.
The large abomination is lightly damaged.
The large abomination hits you!
* * * LOW HITPOINT WARNING * * *
You barely miss the large abomination.
The large abomination is lightly damaged.
You hit the large abomination.
The large abomination is lightly damaged.
Your transformation is almost over.
The large abomination hits you but does no damage.
You attack the stone wall.
You closely miss the large abomination.
The large abomination is lightly damaged.
The large abomination hits you but does no damage.
You attack the rock wall.
The golden eye blinks at you.
You easily resist.
Unknown command.
Okay, then.
You barely miss the large abomination.
The large abomination is lightly damaged.
The large abomination hits you!!
You die...

#. . ..#.
# #.. #
#..... #
#.. . .
...# .
..#.#. ..
# ...#
..#.....
#..# ...#.
.
#....#..G#
# #..X#
#.## .#
#♣# .. # #
### # . ..
# # . #.
.# ... .
.... . # .
## #. ..
.. ## . ..
... . . F.
.


You could see a large abomination and a golden eye.

Vanquished Creatures
  Gastronok (Lair:1)
  4 hydras
  A two-headed ogre (D:11)
  2 large abominations (Abyss:2)
  An orc knight (Bailey)
  A manticore (D:11)
  A worldbinder (Abyss:3)
  14 elephants
  A black mamba (Lair:2)
  2 cane toads (Lair:1)
  A gargoyle (D:10)
  An unseen horror (D:8)
  A rime drake (Lair:2)
  A komodo dragon (Lair:1)
  Grinder (D:5)
  A blink frog (D:6)
  A hornet (D:9)
  2 raiju (Abyss:2)
  A shadow (D:10)
  Sigmund (D:4)
  2 yaks (D:8)
  A wyvern (D:10)
  A ynoxinul (Abyss:2)
  A spriggan (Lair:2)
  A vampire (D:8)
  A fire bat (D:9)
  A wraith (D:10)
  Grum (D:9)
  5 golden eyes (Abyss:3)
  2 basilisks (Lair:1)
  4 water moccasins
  Duvessa (D:6)
  7 orc warriors
  3 black bears
  11 ice beasts
  4 wolves
  An ogre (D:4)
  3 centaurs
  2 phantoms
  Blork the orc (D:6)
  A kobold brigand (D:9)
  A gnoll sergeant (D:11)
  7 bullfrogs
  2 wyvern zombies
  2 scorpions
  Dowan (D:6)
  3 water moccasin zombies
  A water moccasin skeleton (D:5)
  23 killer bees
  5 wights (D:9)
  6 howler monkeys
  4 electric eels (D:9)
  6 crimson imps (D:9)
  A small abomination (Abyss:3)
  9 centaur zombies
  6 bullfrog zombies
  A hound (D:3)
  An iron imp (Abyss:3)
  A jelly (D:5)
  9 orc priests
  4 iguanas
  Ijyb (D:5)
  2 bullfrog skeletons
  9 orc wizards
  4 killer bee zombies
  14 mummies (Ossuary)
  2 howler monkey zombies
  14 gnolls
  A howler monkey skeleton (D:4)
  7 adders
  2 shadow imps (D:5)
  3 white imps (D:9)
  A worm (D:4)
  3 dart slugs
  69 orcs
  7 ball pythons
  7 endoplasms
  4 giant cockroaches
  8 goblins
  5 hobgoblins
  11 kobolds
  5 quokkas
  2 bats (D:2)
  5 frilled lizards
  8 rats
380 creatures vanquished.

Vanquished Creatures (collateral kills)
  A dire elephant (Lair:2)
  An elephant (Lair:2)
  A komodo dragon (D:11)
3 creatures vanquished.

Vanquished Creatures (others)
  An ancient zyme (Abyss:2)
  74 fungi (Lair:2)
  51 plants
  7 withered plants (Ossuary)
133 creatures vanquished.

Grand Total: 516 creatures vanquished

Notes
Turn   | Place    | Note
-------+----------+-------------------------------------------
     0 | D:1      | GordonOverkill the Barachi Conjurer began the quest for the
                  | Orb.
     0 | D:1      | Reached XP level 1. HP: 13/13 MP: 3/3
    67 | D:1      | Reached skill level 1 in Fighting
   310 | D:1      | Reached XP level 2. HP: 22/22 MP: 3/5
  1096 | D:1      | Reached XP level 3. HP: 29/29 MP: 2/6
  1136 | D:1      | Found a faded altar of an unknown god.
  2411 | D:2      | Reached XP level 4. HP: 37/37 MP: 5/7
  2930 | D:2      | Found a basalt altar of Yredelemnul.
  3123 | D:3      | Reached skill level 1 in Axes
  3672 | D:3      | Reached XP level 5. HP: 41/43 MP: 8/8
  4109 | D:4      | Reached skill level 5 in Fighting
  4295 | D:4      | Noticed a phantom
  4494 | D:4      | Killed a phantom
  4644 | D:4      | Noticed Sigmund
  4766 | D:4      | Reached XP level 6. HP: 43/52 MP: 9/9
  5123 | D:4      | Killed Sigmund
  5124 | D:4      | Reached XP level 7. HP: 49/59 MP: 10/10
  5511 | D:4      | Found a glowing silver altar of Zin.
  5763 | D:5      | Entered Level 5 of the Dungeon
  5911 | D:5      | Reached skill level 5 in Axes
  5938 | D:5      | Found the +8 trident of the Octopus King {venom, rElec
                  | rPois}
  5951 | D:5      | Reached skill level 1 in Throwing
  6186 | D:5      | Noticed Ijyb
  6192 | D:5      | Killed Ijyb
  6193 | D:5      | Reached skill level 1 in Polearms
  6230 | D:5      | Reached XP level 8. HP: 66/68 MP: 11/11
  6293 | D:5      | Reached skill level 2 in Polearms
  6457 | D:5      | Noticed Grinder
  6475 | D:5      | Reached skill level 3 in Polearms
  6481 | D:5      | Killed Grinder
  6838 | D:5      | Found an ornate altar of the Wu Jian Council.
  6924 | D:6      | Reached skill level 4 in Polearms
  6991 | D:6      | Found a staircase to the Ecumenical Temple.
  7016 | D:6      | Noticed Dowan
  7017 | D:6      | Noticed Duvessa
  7032 | D:6      | Killed Duvessa
  7041 | D:6      | Killed Dowan
  7043 | D:6      | Reached skill level 5 in Throwing
  7178 | D:6      | Noticed Maggie
  7188 | D:6      | Noticed Maggie
  7188 | D:6      | Maggie changed into Maggie the blink frog
  7197 | D:6      | Killed Maggie the blink frog
  7198 | D:6      | Reached skill level 5 in Polearms
  7198 | D:6      | Reached XP level 9. HP: 29/74 MP: 12/12
  7320 | D:6      | Reached skill level 6 in Polearms
  7408 | D:6      | Found a sand-covered staircase.
  7415 | Ossuary  | Entered an ossuary
  7508 | Ossuary  | Reached skill level 7 in Polearms
  7911 | Ossuary  | Reached skill level 8 in Polearms
  8293 | D:6      | You fall into a shaft and drop 1 floor!
  8373 | D:6      | Found a transporter.
  8523 | D:6      | Found a hide-covered altar of Uskayaw.
  8523 | D:6      | Found a shimmering altar of Xom.
  8662 | D:6      | Found a transporter.
  8666 | D:6      | Noticed glosham's ghost (weakling OpDe)
  8915 | D:6      | Noticed Blork the orc
  8919 | D:6      | Reached skill level 9 in Polearms
  8925 | D:6      | Killed Blork the orc
  9151 | Temple   | Entered the Ecumenical Temple
  9372 | Temple   | Became a worshipper of Ru the Awakened
  9878 | D:7      | Reached skill level 1 in Evocations
  9890 | D:7      | Reached XP level 10. HP: 26/80 MP: 13/13
 10529 | D:8      | Found a shadowy altar of Dithmenos.
 10786 | D:8      | Killed an unseen horror
 11115 | D:8      | Reached skill level 10 in Polearms
 11577 | D:8      | Reached skill level 5 in Evocations
 12265 | D:9      | Reached skill level 11 in Polearms
 13128 | D:9      | Gained mutation: You are clumsy. (Dex -2) [Ru sacrifice]
 13233 | D:9      | Noticed an ice statue
 13248 | D:9      | Reached skill level 12 in Polearms
 13382 | D:9      | Reached XP level 11. HP: 84/85 MP: 14/14
 13400 | D:9      | Found a staircase to the Orcish Mines.
 13435 | D:9      | Noticed Grum
 14224 | D:9      | Found a staircase to the Orcish Mines.
 14422 | D:9      | Killed Grum
 14657 | D:10     | Entered Level 10 of the Dungeon
 14661 | D:10     | Reached skill level 13 in Polearms
 15126 | D:10     | Found a flagged portal.
 15136 | Bailey   | Entered a bailey
 15315 | Bailey   | Noticed an orc knight
 15333 | Bailey   | Killed an orc knight
 16551 | D:10     | Found a shimmering blue altar of Sif Muna.
 16552 | D:10     | Found an ancient bone altar of Kikubaaqudgha.
 16554 | D:10     | Found a radiant altar of Vehumet.
 16557 | D:10     | Got Kikubaaqudgha's Collected Works on Evil Secrets
 16870 | D:10     | Identified the +0 scale mail of Masochism {rPois}
 17112 | D:11     | Noticed a two-headed ogre
 17122 | D:11     | Reached skill level 10 in Fighting
 17147 | D:11     | Killed a two-headed ogre
 17493 | D:11     | Found a staircase to the Lair.
 17497 | D:11     | Noticed a four-headed hydra
 17503 | D:11     | Killed a four-headed hydra
 17888 | D:11     | Noticed a manticore
 17900 | D:11     | Killed a manticore
 18317 | Lair:1   | Entered Level 1 of the Lair of Beasts
 18331 | Lair:1   | Reached XP level 12. HP: 95/100 MP: 15/15
 18341 | Lair:1   | Reached skill level 1 in Armour
 18341 | Lair:1   | Reached skill level 1 in Shields
 18494 | Lair:1   | Noticed Gastronok
 18511 | Lair:1   | Killed Gastronok
 19127 | Lair:1   | Noticed an eight-headed hydra
 19136 | Lair:1   | Killed an eight-headed hydra
 19316 | Lair:1   | Noticed a seven-headed hydra
 19330 | Lair:1   | Killed a seven-headed hydra
 19783 | Lair:2   | Noticed Sonja
 19841 | Lair:2   | Noticed a five-headed hydra
 19869 | Lair:1   | Killed a five-headed hydra
 20182 | Lair:2   | Reached skill level 5 in Armour
 20325 | Lair:2   | Noticed a dire elephant
 20397 | Lair:2   | Killed a dire elephant
 21007 | Lair:2   | Gained mutation: You can hop long distances. [Barachi
                  | growth]
 21007 | Lair:2   | Reached XP level 13. HP: 106/108 MP: 16/16
 21140 | Lair:2   | Cast into level 2 of the Abyss (Sonja)
 21147 | Abyss:2  | Gained mutation: You have somewhat slow reflexes. (EV -5)
                  | [Ru sacrifice]
 21147 | Abyss:2  | Reached * piety under Ru
 21185 | Abyss:2  | Noticed an angel
 21761 | Abyss:3  | Noticed a naga warrior
 21833 | Abyss:3  | Mangled by a large abomination

Illustrated notes

Levels and vault maps discovered:
D:1:      dpeg_arrival_round_b, layout_basic, serial_forest,
          infiniplex_forest_pool, infiniplex_forest_lined_ring,
          infiniplex_forest_corner_1, infiniplex_forest_clump_C,
          infiniplex_forest_straight_2, infiniplex_forest_lined_ring,
          ebering_ecumenical_altar_box
D:2:      layout_basic, basic_altar, hex_large
D:3:      layout_basic
D:4:      layout_basic, zin_scriptorium, uniq_sigmund
D:5:      layout_loops_ring, mainiacjoe_overflow_alcove_2, st_stairs_3,
          minmay_fractal_squares_diagonal_5, uniq_ijyb, uniq_grinder
D:6:      layout_basic, jmf_multi_god_temple, minmay_temple_entry_glassed_door,
          gammafunk_ghost_smash, chequers_ossuary_entry_cave, uniq_maggie,
          uniq_duvessa, uniq_blork_the_orc
D:7:      layout_loops_ring
D:8:      kennysheep_six_static_rooms, layout_basic, grunt_dithmenos_smoke,
          minmay_manual_mandibuliform
D:9:      minmay_twisted_water, layout_basic, orc_0_dummy, minmay_nine_imps,
          uniq_grum
D:10:     layout_roguey [special_room_orc], grunt_temple_overflow_magic_moments,
          enter_bailey_3
D:11:     layout_roguey, lair_entry_dummy
Temple:   dpeg_chambers_temple
Lair:1:   layout_misc_corridors, uniq_gastronok
Lair:2:   mu_elephants_graveyard, layout_misc_corridors, uniq_sonja
Abyss:3:  base: D:2, base:
D:4

Skill      XL: |  1  2  3  4  5  6  7  8  9 10 11 12 13 |
---------------+----------------------------------------+-----
Fighting       | 1 3 4 5 6 7 8 11 12 | 12.0
Axes           | 1 3 4 5 7 |  7.9
Throwing       | 2 5 |  5.0
Polearms       | 1 5 9 12 13 | 13.6
Evocations     | 2 5 8 |  8.0
Armour         | 6 7 |  7.0
Shields        | 4 |  4.0
Dodging        | |  2.1
Stealth        | |  1.7
Spellcasting   | |  2.1
Conjurations   | |  4.3

Action                   |  1- 3 |  4- 6 |  7- 9 | 10-12 | 13-15 || total
-------------------------+-------+-------+-------+-------+-------++-------
Melee: Spear             |     5 |   102 |    46 |       |       ||   153
       Punch             |       |     2 |     5 |     5 |       ||    12
       Trident           |       |       |   294 |   763 |   132 ||  1189
Throw: Boomerang         |       |       |     2 |     3 |     1 ||     6
       Dart              |       |       |       |    12 |     1 ||    13
 Cast: Magic Dart        |    61 |    23 |       |       |       ||    84
Invok: Sacrifice Purity  |       |       |       |     1 |       ||     1
       Sacrifice Health  |       |       |       |       |     1 ||     1
 Abil: Hop               |       |     3 |       |     5 |       ||     8
Evoke: Wand              |       |       |     2 |    32 |     1 ||    35
  Use: Potion            |     1 |     2 |     4 |     7 |    14 ||    28
       Scroll            |     1 |     1 |    14 |    15 |     3 ||    34
 Stab: Invisible         |       |       |       |       |     1 ||     1
Armor: Leather armour    |     1 |     1 |       |       |       ||     2
       Chain mail        |       |    47 |   130 |   221 |    72 ||   470
       Skin              |       |       |    24 |    35 |    33 ||    92
       Swamp dragon scal |       |       |       |    70 |       ||    70
Dodge: Dodged            |     6 |    29 |    67 |   285 |    40 ||   427
Block: Other             |       |       |       |    56 |       ||    56
       Reflection        |       |       |       |     2 |       ||     2
       Buckler           |       |       |       |    64 |    33 ||    97
